 Dungeon Crawl Stone Soup version 0.30.1 (webtiles) character file.

Game seed: 14031766033871521920

3605 Heoruswealwe the Thaumaturge (level 9, -3/45 HPs)
             Began as a Deep Elf Earth Elementalist on July 5, 2023.
             Was a Believer of Vehumet.
             Killed from afar by an electric eel (12 damage)
             ... with a bolt of electricity
             ... on level 8 of the Dungeon.
             The game lasted 01:10:31 (6875 turns).

Heoruswealwe the Thaumaturge (DEEE)                 Turns: 6875, Time: 01:10:31

Health: -3/45      AC:  9    Str:  5    XL:     9   Next: 86%
Magic:  36/37      EV: 13    Int: 25    God:    Vehumet [**....]
Gold:   76         SH:  0    Dex: 18    Spells: 14/34 levels left

rFire   . . .        a - staff of earth
rCold   . . .        (no shield)
rNeg    . . .        c - +0 steam dragon scales
rPois   .            (no helmet)
rElec   .            (no cloak)
rCorr   .            (no gloves)
SInv    .            (no boots)
Will    .....        (no amulet)
Stlth   ++           k - ring of magical power
HPRegen 0.27/turn    j - ring of Lugonu's Regard {AC+4 Dex+3}
MPRegen 0.25/turn

%: no passive effects
@: no status effects
A: no striking features
a: Renounce Religion


You were on level 8 of the Dungeon.
You worshipped Vehumet.
Vehumet was pleased with you.
You visited 2 branches of the dungeon, and saw 9 of its levels.
You also visited: Sewer.

You collected 508 gold pieces.
You spent 432 gold pieces at shops.

Inventory:

Hand Weapons
 b - a +4 scimitar of flaming
Armour
 c - +0 steam dragon scales (worn)
Magical Staves
 a - a staff of earth (weapon)
Jewellery
 j - the ring of Lugonu's Regard (right hand) {AC+4 Dex+3}
   (You found it on level 6 of the Dungeon)

   [ring of protection]

   AC:        It affects your AC (+4).
   Dex:       It affects your dexterity (+3).
 k - a ring of magical power (left hand)
Wands
 g - a wand of flame (13)
 t - a wand of mindburst (11)
 y - a wand of polymorph (12)
 A - a wand of light (12)
Scrolls
 d - 5 scrolls of teleportation
 f - a scroll of enchant weapon
 i - a scroll of poison
 m - a scroll of enchant armour
 p - a scroll of immolation {unknown}
 r - 2 scrolls of brand weapon {unknown}
Potions
 e - a potion of cancellation {unknown}
 h - 2 potions of attraction {unknown}
 l - 2 potions of brilliance {unknown}
 o - 6 potions of curing {unknown}
 q - a potion of ambrosia {unknown}
 s - a potion of magic
 x - 2 potions of resistance {unknown}
 z - 4 potions of flight {unknown}
 B - a potion of haste


   Skills:
 - Level 2.4 Dodging
 - Level 2.4 Stealth
 + Level 13.2 Spellcasting
 - Level 1.1 Transmutations
 + Level 11.4 Earth Magic


You had 14 spell levels left.
You knew the following spells:

 Your Spells              Type           Power      Damage    Failure   Level
a - Sandblast             Erth           100%       2d20      1%          1
b - Stone Arrow           Conj/Erth      100%       3d13      1%          3
c - Petrify               Tmut/Erth      64%        N/A       2%          4
d - Animate Armour        Summ/Erth      100%       N/A       3%          4
e - Iron Shot             Conj/Erth      30%        9d6       45%         6
z - Passwall              Tmut/Erth      53%        N/A       1%          2

Your spell library contained the following spells:

 Spells                   Type           Power      Damage    Failure   Level
 Frozen Ramparts          Ice            32%        1d5       11%         3
 Ensorcelled Hibernation  Hex/Ice        32%        N/A       5%          2
 Spider Form              Tmut/Pois      19%        N/A       9%          3
 Inner Flame              Hex/Fire       16%        N/A       11%         3
 Ozocubu's Armour         Ice            16%        N/A       11%         3
 Anguish                  Hex/Necr       8%         N/A       34%         4
 Flame Wave               Conj/Fire      16%        2d7       34%         4
 Sticky Flame             Conj/Fire      16%        2d4       34%         4
 Blade Hands              Tmut           11%        N/A       52%         5
 Metabolic Englaciation   Hex/Ice        8%         N/A       69%         5
 Simulacrum               Ice/Necr       8%         N/A       99%         6


Dungeon Overview and Level Annotations

Branches:
Dungeon (8/15)             Temple (1/1) D:4           Sewer (visited)
   Lair: D:8-11

Altars:
Ashenzari
Cheibriados
Elyvilon
Fedhas
Gozag
Hepliaklqana
Kikubaaqudgha
Makhleb
Nemelex Xobeh
Okawaru
Qazlal
Ru
Sif Muna
Trog
Uskayaw
Vehumet
Wu Jian
Xom
Yredelemnul
Zin
The Shining One

Shops:
D:4 :


Message History

You feel a surge of power!
The blast of sand hits the electric eel!!
You kill the electric eel!
Vehumet accepts your kill.
An electric eel comes into view.
An electric eel comes into view.
Found a scroll labelled QAERIY IGAM.
The electric eel shoots out a bolt of lightning at you!
The bolt of electricity hits you!
You feel a surge of power!
The blast of sand hits the electric eel!
The electric eel is heavily wounded.
The electric eel shoots out a bolt of lightning at you!
The bolt of electricity hits you!
You feel a surge of power!
The blast of sand hits the electric eel!!
You kill the electric eel!
Vehumet accepts your kill.
You feel your power returning.
The electric eel shoots out a bolt of lightning at you!
The bolt of electricity hits you!
You are too injured to fight recklessly!
Casting: Sandblast (safe; 1% risk of failure)
Confirm with . or Enter, or press ? or * to list all spells.
Aiming: Sandblast (safe; 1% risk of failure)
Press: ? - help, Shift-Dir - straight line, f - electric eel
Aim: an electric eel (76% to hit)
You feel a surge of power!
The blast of sand hits the electric eel!
The electric eel is almost dead.
The electric eel shoots out a bolt of lightning at you!
The bolt of electricity hits you!
* * * LOW HITPOINT WARNING * * *
Casting: Sandblast (safe; 1% risk of failure)
Confirm with . or Enter, or press ? or * to list all spells.
You can't see any susceptible monsters within range! (Use Z to cast anyway.)
Okay, then.
The electric eel shoots out a bolt of lightning at you!
The bolt of electricity hits you!
You die... #.##..##.........~~~~~~~ ...... ###...♣...~~~~~≈≈ ...... #.......~~~≈≈≈≈ PP.... ......♣...~~~≈8≈8 .♣P... ..........~~≈≈~⌠≈ ..P..# ......♣...~~≈≈8≈8 PPP

..
..........~~~≈≈≈≈
..
......♣...~~~~S≈~
..
.........@~~~~~~~
###.?♣...8~~~~~~
#.............
#.............
#..............
#......##......
....... ......
..##... .#....


You could see an electric eel.

Vanquished Creatures
  Pikel (D:6)
  Maggie (D:6)
  3 yaks (D:8)
  A steam dragon (D:7)
  3 water moccasins
  2 sky beasts (D:7)
  A black bear (D:6)
  A centaur (D:8)
  A lemure (D:6)
  A kobold brigand (D:7)
  4 scorpions
  4 wights (D:8)
  2 jellies (D:6)
  2 electric eels (D:8)
  2 howler monkeys
  5 hounds
  A gnoll bouda (D:5)
  5 orc priests
  An iguana (D:7)
  7 orc wizards
  13 gnolls
  5 river rats
  8 adders
  2 white imps
  2 ufetubi
  3 worms
  4 dart slugs
  23 orcs
  7 endoplasms
  5 giant cockroaches
  9 goblins
  7 hobgoblins
  7 kobolds
  7 quokkas
  9 ball pythons
  6 bats
  8 frilled lizards
  30 rats
203 creatures vanquished.

Notes
Turn   | Place    | Note
-------+----------+-------------------------------------------
     0 | D:1      | Heoruswealwe the Deep Elf Earth Elementalist began the
                  | quest for the Orb.
     0 | D:1      | Reached XP level 1. HP: 10/10 MP: 6/6
   118 | D:1      | Reached XP level 2. HP: 15/15 MP: 4/8
   121 | D:1      | Learned a level 2 spell: Passwall
   622 | D:2      | Reached skill level 4 in Spellcasting
   633 | D:2      | Reached XP level 3. HP: 19/19 MP: 2/10
   637 | D:2      | Learned a level 3 spell: Stone Arrow
  1039 | D:2      | Identified the +6 mace "Hupat" {antimagic, rC- rN+ Int+2
                  | Dex+2}
  1309 | D:3      | Reached XP level 4. HP: 3/24 MP: 0/12
  1314 | D:3      | Learned a level 4 spell: Petrify
  1470 | D:3      | Reached skill level 5 in Spellcasting
  1699 | D:3      | Reached skill level 5 in Earth Magic
  1709 | D:3      | Reached XP level 5. HP: 28/28 MP: 12/14
  2083 | D:4      | Reached skill level 6 in Spellcasting
  2119 | D:4      | Found a staircase to the Ecumenical Temple.
  2128 | Temple   | Entered the Ecumenical Temple
  2159 | Temple   | Became a worshipper of Vehumet
  2330 | D:4      | Reached XP level 6. HP: 32/32 MP: 13/17
  2667 | D:4      | Found an ancient bone altar of Kikubaaqudgha.
  2791 | D:4      | Reached skill level 7 in Spellcasting
  2815 | D:4      | Reached * piety under Vehumet
  2815 | D:4      | Offered knowledge of Freeze by Vehumet.
  2887 | D:4      | Found Ytsei's Book Shoppe.
  3303 | D:4      | Found a sparkling altar of Nemelex Xobeh.
  3338 | D:4      | Found an ornate altar of the Wu Jian Council.
  3560 | D:5      | Entered Level 5 of the Dungeon
  3689 | D:5      | Found a glowing drain.
  3693 | Sewer    | Entered a sewer
  3874 | Sewer    | Reached XP level 7. HP: 36/36 MP: 16/19
  4114 | D:5      | Offered knowledge of Scorch by Vehumet.
  4130 | D:5      | Reached ** piety under Vehumet
  4299 | D:5      | Reached skill level 8 in Spellcasting
  4615 | D:5      | HP: 1/36 [white imp/puff of frost (6)]
  4616 | D:5      | Reached skill level 9 in Spellcasting
  4990 | D:6      | Identified the ring of Lugonu's Regard {AC+4 Dex+3}
  5044 | D:6      | Reached XP level 8. HP: 41/41 MP: 19/23
  5188 | D:6      | Noticed Maggie
  5197 | D:6      | Killed Maggie
  5226 | D:6      | Reached skill level 10 in Spellcasting
  5595 | D:6      | Noticed Pikel
  5600 | D:6      | Killed Pikel
  5601 | D:6      | Reached skill level 11 in Spellcasting
  5601 | D:6      | Reached XP level 9. HP: 33/45 MP: 13/26
  5798 | D:7      | Reached skill level 10 in Earth Magic
  5891 | D:7      | Found a bloodstained altar of Trog.
  6161 | D:7      | Found a snail-covered altar of Cheibriados.
  6259 | D:7      | Reached skill level 12 in Spellcasting
  6271 | D:7      | Identified a scroll of acquirement
  6272 | D:7      | Acquired a staff of earth
  6347 | D:7      | Offered knowledge of Frozen Ramparts by Vehumet.
  6536 | D:4      | Bought a book of Iron for 432 gold pieces
  6542 | D:4      | Learned a level 4 spell: Animate Armour
  6549 | D:4      | Learned a level 6 spell: Iron Shot
  6751 | D:8      | Reached skill level 13 in Spellcasting
  6875 | D:8      | Killed from afar by an electric eel

Illustrated notes

Levels and vault maps discovered:
D:1:      lightli_arrival_lavapool, layout_loops_ring, minmay_misc_feat_chi
D:2:      layout_loops_ring, minmay_small_reverse_x
D:3:      layout_loops_cross, minmay_rat_hole
D:4:      minmay_general_purpose_star, layout_gridville,
          nicolae_kikubaaqudgha_miasma_corner, mainiacjoe_overflow_two_lobes,
          minmay_temple_entry_large_hall, serial_shops,
          nicolae_shop_real_fake_doors
D:5:      layout_basic, gup_sewer_entry_spiral
D:6:      layout_gridville, uniq_maggie, uniq_pikel
D:7:      layout_loops_cross, overflow_temple_1_default, slow_altar_1
D:8:      layout_cave_pools, nicolae_dithmenos_through_a_glass_darkly,
          serial_park, serial_park_square2, serial_park_gazebo
          [serial_park_minivault_5x5_4], serial_park_fountain,
          serial_park_tiny_pond, nicolae_elemental_shop, corexii_checkpoint_a,
          uniq_joseph
Temple:   regret_index_temple_sphere_string

Skill      XL: |  1  2  3  4  5  6  7  8  9 |
---------------+----------------------------+-----
Spellcasting   | 4 5 6 7 9 11 13 | 13.2
Earth Magic    | 4 5 6 7 9 11 | 11.4
Dodging        | |  2.4
Stealth        | |  2.4
Transmutations | |  1.1

Action                     |  1- 3 |  4- 6 |  7- 9 || total
---------------------------+-------+-------+-------++-------
  Melee: Unarmed           |     1 |       |       ||     1
         Staff             |       |       |     1 ||     1
   Cast: Sandblast         |    45 |   107 |   142 ||   294
         Passwall          |       |     7 |     2 ||     9
         Stone Arrow       |       |       |     5 ||     5
    Use: Scroll            |       |       |     9 ||     9
         Potion            |       |       |     4 ||     4
 Armour: Robe              |     6 |     3 |     2 ||    11
         Steam dragon scal |       |       |    36 ||    36
  Dodge: Dodged            |     8 |    17 |    52 ||    77
